 Dungeon Crawl Stone Soup version 0.17.0 (webtiles) character file.

6865 HungrySpirit the Carver (level 11, -4/75 HPs)
             Began as a Formicid Fighter on Nov 6, 2015.
             Was a Priest of Okawaru.
             Slain by a komodo dragon (20 damage)
             ... on level 1 of the Lair of Beasts on Nov 7, 2015.
             The game lasted 00:19:25 (12703 turns).

HungrySpirit the Carver (Formicid Fighter)         Turns: 12703, Time: 00:19:25

Health: -4/75      AC: 14    Str: 23    XL:     11   Next: 26%
Magic:  11/11      EV:  9    Int: 13    God:    Okawaru [***...]
Gold:   576        SH:  0    Dex: 10    Spells: 0 memorised, 10 levels left

rFire  . . .     SeeInvis +     y - +1 rapier (elec)
rCold  . . .     Clarity  .     K - +3 scale mail "Fonn" {rPois Int+4}
rNeg   . . .     SustAt   .     (no shield)
rPois  +         Gourm    .     (helmet unavailable)
rElec  .         Spirit   .     (no cloak)
rCorr  .         Warding  .     (no gloves)
rMut   .         Stasis   +     h - +0 pair of boots (curse)
MR     +....                    (no amulet)
Stlth  ..........               (no ring)
                                (no ring)

@: somewhat resistant to hostile enchantments, extremely unstealthy
A: permanent stasis, dig shafts and tunnels, four strong arms, antennae 3, thin
metallic scales 1, frail 1, spit poison 1
a: Dig, Shaft Self, Spit Poison, Heroism, Renounce Religion


You were on level 1 of the Lair of Beasts.
You worshipped Okawaru.
Okawaru was most pleased with you.
You were not hungry.

You visited 2 branches of the dungeon, and saw 10 of its levels.

You collected 713 gold pieces.
You spent 137 gold pieces at shops.

Inventory:

Hand Weapons
 a - a +0 long sword
 y - a +1 rapier of electrocution (weapon)
Armour
 c - a +0 shield
 h - a cursed +0 pair of boots (worn)
 r - a +0 plate armour
 K - the +3 scale mail "Fonn" (worn) {rPois Int+4}
   (You found it on level 9 of the Dungeon)

   It affects your intelligence (+4).
   It protects you from poison.
Jewellery
 x - a cursed ring of loudness {unknown}
Wands
 w - a wand of flame (13)
 A - a wand of digging (11)
 F - a wand of flame (26)
 L - a wand of heal wounds (3)
Scrolls
 d - 3 scrolls of noise
 g - 2 scrolls of magic mapping {unknown}
 i - 10 scrolls of remove curse {unknown}
 j - 8 scrolls of identify
 k - 4 scrolls of teleportation {unknown}
 l - a scroll of recharging {unknown}
 n - 3 scrolls of amnesia {unknown}
 o - 2 scrolls of fear {unknown}
 q - a scroll of acquirement {unknown}
 s - 2 scrolls of fog
 t - 6 scrolls of enchant weapon
 v - a scroll of enchant armour {unknown}
 C - a scroll of summoning {unknown}
 I - 2 scrolls of torment {unknown}
Potions
 b - a potion of mutation
 m - 2 potions of curing
 u - 3 potions of cancellation {unknown}
 z - a potion of brilliance {unknown}
 B - a potion of flight {unknown}
 D - a potion of might
 G - a potion of resistance
 J - 2 potions of invisibility {unknown}
Books
 f - a book of Callings

   Spells                             Type                      Level
   a - Summon Small Mammal            Summoning                    1
   b - Call Imp                       Summoning                    2
   c - Call Canine Familiar           Summoning                    3
   d - Summon Guardian Golem          Hexes/Summoning              3
   e - Summon Lightning Spire         Summoning/Air                4
   f - Summon Ice Beast               Ice/Summoning                4
Comestibles
 e - 13 bread rations
 p - a meat ration
 E - 2 beef jerkies
 H - a chunk of flesh
 M - 4 fruits


   Skills:
 + Level 7.1 Fighting
 * Level 13.2 Long Blades
 + Level 6.7 Armour
 + Level 7.6 Shields


You had 10 spell levels left.
You didn't know any spells.

Dungeon Overview and Level Annotations

Branches:
Dungeon (9/15)             Temple (0/1) D:5            Lair (1/8) D:9
    Orc (0/4) D:9

Altars:
Ashenzari
Dithmenos
Elyvilon
Fedhas
Gozag
Nemelex Xobeh
Okawaru
Qazlal
Yredelemnul

Shops:
D:4 (   D:5 ?   D:6 }


Innate Abilities, Weirdness & Mutations

You are under a permanent stasis effect.
You can dig through walls and to a lower floor.
Your four strong arms can wield two-handed weapons with a shield.
You have a pair of large antennae on your head (SInv).
You are partially covered in thin metallic scales (AC +2).
You are frail (-10% HP).
You can spit weak poison.


Message History

You closely miss the spiny frog.
The spiny frog is almost dead.
The spiny frog stings you!
* * * LOW HITPOINT WARNING * * *
You hit the spiny frog.
The spiny frog is almost dead.
The spiny frog stings you.
* * * LOW HITPOINT WARNING * * *
You hit the spiny frog but do no damage.
There is a sudden explosion of sparks!
You kill the spiny frog!
Okawaru accepts your kill.
You barely miss the komodo dragon. The komodo dragon bites you.
* * * LOW HITPOINT WARNING * * *
Drink which item? (? for menu, Esc to quit)
You feel better. The komodo dragon bites you!
* * * LOW HITPOINT WARNING * * *
Drink which item? (? for menu, Esc to quit)
You feel better. The komodo dragon bites you!!
You die...

.........## .......#..
.........# _........#
.........# .........#
######## .......#.##
#...##.####
..l....##l###.......#.##
.......
#@##...........##
......P
#.##............#
#.....#
#.#............## ##.###
#...............# ##
#..............##
#..............#
#..............##.
#.................
#..............###


You could see a komodo dragon.

Vanquished Creatures
  Joseph (D:9)
  The ghost of Dustman the Poker, a novice HuGl (D:5)
  2 spiny frogs (Lair:1)
  A spriggan (D:7)
  A hippogriff (D:8)
  A deep elf fighter (D:9)
  Eustachio (D:6)
  A hungry ghost (D:8)
  Menkaure (D:4)
  Edmund (D:5)
  2 water moccasins
  Duvessa (D:7)
  2 ice beasts
  A phantom (D:5)
  A wasp (D:9)
  A sky beast (D:5)
  2 centaurs (D:8)
  5 ogres
  3 crocodiles (D:9)
  A big kobold (D:8)
  4 giant frogs
  Dowan (D:7)
  A scorpion (D:5)
  A water moccasin skeleton (D:8)
  19 killer bees
  4 crimson imps
  2 giant frog zombies
  2 jellies
  2 quasits
  3 orc priests
  Ijyb (D:3)
  7 orc wizards
  7 hounds
  A gnoll shaman (D:4)
  3 iguanas
  10 worker ants
  Natasha (thrice) (D:3)
  2 giant frog skeletons (D:9)
  A hound zombie (D:9)
  4 hound skeletons
  Robin (D:3)
  13 river rats
  10 gnolls
  17 adders
  2 oozes
  2 adder zombies (D:8)
  2 adder skeletons
  6 worms
  7 giant geckos
  23 orcs
  17 bats
  5 giant cockroaches
  14 goblins
  12 hobgoblins
  4 jackals (D:4)
  A ball python (D:1)
  3 giant gecko skeletons
  7 giant newts
  2 gnoll zombies (D:8)
  8 kobolds
  6 quokkas
  A quokka skeleton (D:5)
  15 rats
286 creatures vanquished.

Vanquished Creatures (others)
  4 fungi
4 creatures vanquished.

Grand Total: 290 creatures vanquished

Notes
Turn   | Place    | Note
--------------------------------------------------------------
     0 | D:1      | HungrySpirit the Formicid Fighter began the quest for the Orb.
     0 | D:1      | Reached XP level 1. HP: 18/18 MP: 1/1
   335 | D:1      | Reached XP level 2. HP: 24/24 MP: 2/2
   994 | D:2      | Reached XP level 3. HP: 29/29 MP: 3/3
  1482 | D:2      | Reached skill level 4 in Long Blades
  1482 | D:2      | Reached XP level 4. HP: 25/35 MP: 4/4
  2363 | D:3      | Reached XP level 5. HP: 36/41 MP: 5/5
  2426 | D:3      | Noticed Ijyb
  2451 | D:3      | Killed Ijyb
  2451 | D:3      | Reached skill level 5 in Long Blades
  2626 | D:3      | Noticed Robin
  2631 | D:3      | Noticed Natasha
  2638 | D:3      | Killed Robin
  2881 | D:3      | HP: 2/41 [Natasha (2)]
  2884 | D:3      | Killed Natasha
  2884 | D:3      | Reached XP level 6. HP: 13/47 MP: 6/6
  3348 | D:3      | Noticed Natasha
  3360 | D:3      | Killed Natasha
  3508 | D:3      | Noticed Natasha
  3511 | D:3      | Killed Natasha
  3531 | D:3      | Found a shadowy altar of Dithmenos.
  3532 | D:3      | Found a white marble altar of Elyvilon.
  3618 | D:4      | Reached skill level 6 in Long Blades
  3657 | D:4      | Noticed Menkaure
  3658 | D:4      | Gained mutation: You are partially covered in thin metallic scales (AC +2). [potion of mutation]
  3658 | D:4      | Gained mutation: You can spit weak poison. [potion of mutation]
  3658 | D:4      | Gained mutation: You are frail (-10% HP). [potion of mutation]
  3670 | D:4      | Killed Menkaure
  3670 | D:4      | Reached XP level 7. HP: 46/46 MP: 7/7
  3673 | D:4      | Reached skill level 7 in Long Blades
  3758 | D:4      | Found Qunois's Weapon Shoppe.
  3798 | D:4      | Found a shattered altar of Ashenzari.
  3802 | D:4      | Saw a vision of the Swamp and the Snake Pit.
  3802 | D:4      | Noticed a black mamba
  3802 | D:4      | Noticed a black mamba
  3802 | D:4      | Noticed an anaconda
  3802 | D:4      | Noticed a naga ritualist
  3802 | D:4      | Noticed a black mamba
  3802 | D:4      | Noticed a swamp drake
  3802 | D:4      | Noticed an alligator
  3804 | D:4      | Noticed a naga
  4665 | D:5      | Entered Level 5 of the Dungeon
  4916 | D:4      | Reached skill level 8 in Long Blades
  5105 | D:5      | Noticed Dustman's ghost (novice HuGl)
  5131 | D:5      | Killed Dustman's ghost
  5131 | D:5      | Reached skill level 9 in Long Blades
  5131 | D:5      | Reached XP level 8. HP: 41/52 MP: 8/8
  5404 | D:5      | Noticed Edmund
  5433 | D:5      | Killed Edmund
  5433 | D:5      | Reached skill level 10 in Long Blades
  5669 | D:5      | Reached XP level 9. HP: 41/57 MP: 9/9
  6079 | D:5      | Reached skill level 11 in Long Blades
  6363 | D:5      | Found an iron altar of Okawaru.
  6443 | D:5      | Found Poeseips's Magic Scroll Boutique.
  6463 | D:5      | Bought a scroll of fog for 22 gold pieces
  6463 | D:5      | Bought a scroll of enchant weapon for 82 gold pieces
  6463 | D:5      | Bought a scroll of noise for 11 gold pieces
  6463 | D:5      | Bought a scroll of identify for 22 gold pieces
  6528 | D:5      | Found a staircase to the Ecumenical Temple.
  6643 | D:5      | Became a worshipper of Warmaster Okawaru
  6948 | D:6      | Found an opulent altar of Gozag.
  7340 | D:6      | Found a sparkling altar of Nemelex Xobeh.
  7363 | D:6      | Noticed Eustachio
  7497 | D:6      | Killed Eustachio
  8185 | D:6      | Found Wesmiall's Gadget Emporium.
  8511 | D:7      | Reached * piety under Okawaru
  8586 | D:7      | Noticed Dowan
  8883 | D:7      | Killed Dowan
  8883 | D:7      | Reached skill level 5 in Shields
  8900 | D:7      | Noticed Duvessa
  8910 | D:7      | Killed Duvessa
  8910 | D:7      | Reached XP level 10. HP: 46/65 MP: 10/10
  9554 | D:7      | Reached skill level 5 in Armour
  9608 | D:8      | Reached skill level 5 in Fighting
  9608 | D:8      | Reached skill level 12 in Long Blades
 10014 | D:8      | Reached ** piety under Okawaru
 10446 | D:8      | Found a basalt altar of Yredelemnul.
 10615 | D:8      | Found a blossoming altar of Fedhas.
 11210 | D:9      | Got a scorched scale mail
 11211 | D:9      | Identified the +3 scale mail "Fonn" {rPois Int+4} (You found it on level 9 of the Dungeon)
 11403 | D:9      | Found a staircase to the Orcish Mines.
 11602 | D:9      | Found a staircase to the Lair.
 11705 | D:9      | Reached *** piety under Okawaru
 11705 | D:9      | Reached XP level 11. HP: 31/74 MP: 11/11
 12059 | D:9      | Noticed Joseph
 12091 | D:9      | Killed Joseph
 12091 | D:9      | Reached skill level 13 in Long Blades
 12393 | Lair:1   | Entered Level 1 of the Lair of Beasts
 12684 | Lair:1   | Found a stormy altar of Qazlal.
 12703 | Lair:1   | Slain by a komodo dragon

Action                   |  1- 3 |  4- 6 |  7- 9 | 10-12 || total
-------------------------+-------+-------+-------+-------++-------
Melee: Long sword        |    97 |   214 |   434 |       ||   745
       Rapier            |       |       |   100 |   584 ||   684
Invok: Heroism           |       |       |       |     4 ||     4
Evoke: Wand              |       |       |     3 |       ||     3
  Use: Potion            |       |     4 |     4 |     2 ||    10
       Scroll            |       |       |       |     1 ||     1
 Stab: Distracted        |       |     2 |       |       ||     2
  Eat: Chunk             |     2 |     7 |    10 |    16 ||    35
       Meat ration       |       |       |     1 |       ||     1
       Beef jerky        |       |       |     1 |       ||     1
